 Dungeon Crawl Stone Soup version 0.29-a0-834-g1e95ca9f62 (webtiles) character file.

Game seed: 11474041155962195790

1584 doricub5 the Fighter (level 8, -2/76 (83) HPs)
             Began as a Minotaur Berserker on July 13, 2022.
             Was an Elder of Trog.
             Slain by a wight
             ... wielding a +3 spear
              (4 damage)
             ... on level 5 of the Dungeon.
             The game lasted 00:46:45 (4742 turns).

doricub5 the Fighter (Minotaur Berserker)           Turns: 4742, Time: 00:46:46

HP:   -2/76 (83)    AC: 10    Str: 25    XL:     8   Next: 61%
MP:   7/7           EV: 11    Int:  4    God:    Trog [****..]
Gold: 213           SH:  0    Dex:  9    Spells: 7/7 levels left

rFire   + . .      SeeInvis .   H - +0 war axe
rCold   . . .      Faith    .   (no shield)
rNeg    . . .      Spirit   .   B - +4 ring mail
rPois   +          Reflect  .   (helmet restricted)
rElec   .          Harm     .   (no cloak)
rCorr   .          Rampage  .   b - +0 pair of gloves
Will    .....                   (no boots)
Stlth   ..........              (no amulet)
HPRegen 0.22/turn               g - ring of protection from fire
MPRegen 0.10/turn               h - ring of poison resistance

@: drained
A: horns 2, retaliatory headbutt
a: Renounce Religion, Berserk, Trog's Hand, Brothers in Arms


You were on level 5 of the Dungeon.
You worshipped Trog.
Trog was greatly pleased with you.
You visited 2 branches of the dungeon, and saw 6 of its levels.
You also visited: Ossuary.

You collected 213 gold pieces.

Inventory:

Hand Weapons
 c - a +0 morningstar of holy wrath
 H - a +0 war axe (weapon)
Missiles
 d - 57 stones (quivered)
 q - 3 boomerangs
Armour
 b - a +0 pair of gloves (worn)
 f - a +0 kite shield
 B - a +4 ring mail (worn)
 F - a +0 tower shield
Jewellery
 g - a ring of protection from fire (left hand)
 h - a ring of poison resistance (right hand)
 y - a ring of protection from cold
Wands
 j - a wand of polymorph (5)
 l - a wand of flame (19)
 C - a wand of mindburst (16)
Scrolls
 e - a scroll of enchant weapon {unknown}
 k - a scroll of amnesia {unknown}
 m - a scroll of fog {unknown}
 o - 2 scrolls of teleportation
 p - a scroll of fear {unknown}
 t - 2 scrolls of enchant armour {unknown}
 A - a scroll of magic mapping
 E - a scroll of vulnerability
 G - a scroll of summoning {unknown}
Potions
 a - a potion of mutation {unknown}
 i - 2 potions of curing
 n - a potion of invisibility {unknown}
 r - a potion of attraction {unknown}
 s - a potion of haste {unknown}
 u - a potion of lignification {unknown}
 v - 2 potions of ambrosia {unknown}
 w - 2 potions of brilliance
 x - a potion of might {unknown}
 z - a potion of cancellation {unknown}
 D - a potion of flight {unknown}


   Skills:
 * Level 11.9 Fighting
 + Level 6.0 Axes
 - Level 3.2 Armour
 - Level 2.1 Dodging
 + Level 2.2 Evocations


You had 7 spell levels left.
You didn't know any spells.
Your spell library was empty.

Dungeon Overview and Level Annotations

Branches:
Dungeon (5/15)             Temple (1/1) D:5         Ossuary (visited)

Altars:
Cheibriados
Dithmenos
Elyvilon
Gozag
Hepliaklqana
Makhleb
Nemelex Xobeh
Okawaru
Qazlal
Ru
Sif Muna
Trog
Uskayaw
Vehumet
Wu Jian
Xom
Zin


Innate Abilities, Weirdness & Mutations

You have a pair of horns on your head.
You reflexively headbutt those who attack you in melee.


Message History

You barely miss the wight.
The wight hits you with a +2 short sword of speed.
You feel drained.
The wight hits you from afar with a +3 spear!
* * * LOW HITPOINT WARNING * * *
The wight hits you with a +2 short sword of speed.
* * * LOW HITPOINT WARNING * * *
You hit the wight but do no damage.
The wight is almost destroyed.
The wight barely misses you. The wight closely misses you.
You furiously retaliate!
You headbutt the wight, but do no damage.
The wight barely misses you. You furiously retaliate!
You headbutt the wight!
You destroy the wight!
Trog accepts your kill.
Your Axes skill increases to level 6!
The wight hits you with a +3 spear.
* * * LOW HITPOINT WARNING * * *
You feel drained.
* * * LOW HITPOINT WARNING * * *
Items here: )) [[.
Okay, then.
You barely miss the wight. The wight barely misses you.
The wight closely misses you.
You hit the wight but do no damage.
You headbutt the wight, but do no damage.
The wight hits you with a +3 spear.
* * * LOW HITPOINT WARNING * * *
You hit the wight.
The wight is lightly damaged.
The wight hits you with a +3 spear.
* * * LOW HITPOINT WARNING * * *
You hit the wight. You headbutt the wight.
The wight is heavily damaged.
The wight hits you with a +3 spear.
* * * LOW HITPOINT WARNING * * *
You closely miss the wight.
The wight is heavily damaged.
The wight hits you with a +3 spear.
You die...

##.....>............#...#.#.....#
....##....#........#...........##
...#..#....#..........#.........#
......#.#..#..............#....##
.....#...##...............###..##
..............##..........##....#
.....####......##............##.#
....## #.......).........#..# #.
.....# #...#####@z##........####.
....#### ..# #...$#......=......
......#....####...######....###..
..................########..##...
................#.#.....#...###..
..####.........##.$..#...........
..# ......##...>..z#..#........
.## ##... #.....#.z..#..##....
..# ....................##..


You could see a wight.

Vanquished Creatures
  Edmund (D:5)
  A water moccasin (D:5)
  A black bear (D:5)
  A centaur (D:4)
  3 elf zombies (Ossuary)
  4 scorpions (D:4)
  3 wights (D:5)
  The ghost of benadryl the Trooper, a weakling MeCA of Ignis (D:3)
  2 jellies
  2 centaur zombies (Ossuary)
  A human zombie (Ossuary)
  A hound (D:5)
  3 orc priests
  2 iguanas (D:4)
  An orc wizard (D:4)
  2 mummies (Ossuary)
  6 adders
  An ufetubus (D:5)
  An adder zombie (Ossuary)
  3 dart slugs
  9 orcs
  8 ball pythons
  4 bats
  5 endoplasms
  A giant cockroach (D:3)
  7 goblins
  13 hobgoblins
  4 quokkas
  2 frilled lizards
  2 goblin zombies (Ossuary)
  9 hobgoblin zombies (Ossuary)
  A jackal zombie (Ossuary)
  12 kobolds
  10 kobold zombies (Ossuary)
  8 orc zombies (Ossuary)
  2 rats (D:2)
137 creatures vanquished.

Notes
Turn   | Place    | Note
-------+----------+-------------------------------------------
     0 | D:1      | doricub5 the Minotaur Berserker began the quest for the
                  | Orb.
     0 | D:1      | Reached XP level 1. HP: 19/19 MP: 0/0
   116 | D:1      | Found a faded altar of an unknown god.
   144 | D:1      | Reached XP level 2. HP: 11/27 MP: 1/1
   162 | D:1      | Reached skill level 4 in Fighting
   421 | D:2      | Reached XP level 3. HP: 26/33 MP: 2/2
   720 | D:2      | Reached ** piety under Trog
  1122 | D:2      | Reached XP level 4. HP: 32/41 MP: 3/3
  1565 | D:3      | Reached skill level 5 in Axes
  1662 | D:3      | Reached skill level 5 in Fighting
  1947 | D:3      | Found a runed translucent gate.
  1949 | D:3      | Found a runed translucent gate.
  1949 | D:3      | Found a runed translucent gate.
  1951 | D:3      | Noticed benadryl's ghost (weakling MeCA)
  1963 | D:3      | Killed benadryl's ghost
  1964 | D:3      | Reached XP level 5. HP: 50/50 MP: 4/4
  2184 | D:4      | Reached skill level 6 in Fighting
  2284 | D:4      | Reached skill level 7 in Fighting
  2284 | D:4      | Reached XP level 6. HP: 51/60 MP: 5/5
  2347 | D:4      | Reached *** piety under Trog
  2415 | D:4      | Reached skill level 8 in Fighting
  2504 | D:4      | Found a sand-covered staircase.
  2509 | Ossuary  | Entered an ossuary
  2639 | Ossuary  | Reached XP level 7. HP: 69/69 MP: 6/6
  2654 | Ossuary  | Reached **** piety under Trog
  2661 | Ossuary  | Reached skill level 9 in Fighting
  2737 | Ossuary  | Reached skill level 10 in Fighting
  3005 | D:4      | Found a glowing silver altar of Zin.
  3006 | D:4      | Found a shimmering blue altar of Sif Muna.
  3007 | D:4      | Found a radiant altar of Vehumet.
  3008 | D:4      | Found a burning altar of Makhleb.
  3769 | D:5      | Entered Level 5 of the Dungeon
  3781 | D:4      | Reached XP level 8. HP: 73/81 MP: 7/7
  3823 | D:5      | Reached skill level 11 in Fighting
  3836 | D:5      | Found a staircase to the Ecumenical Temple.
  4117 | D:5      | Reached skill level 1 in Evocations
  4205 | D:5      | Noticed Edmund
  4306 | D:5      | Killed Edmund
  4392 | Temple   | Entered the Ecumenical Temple
  4741 | D:5      | HP: 2/76 [wight/+3 spear (4)]
  4742 | D:5      | Slain by a wight

Illustrated notes

Levels and vault maps discovered:
D:1:      tarquinn_simple_flora_water_e, layout_basic,
          ebering_ecumenical_altar_rust
D:2:      layout_basic, chequers_serial_rivers_room_a, minmay_diced_spiral
D:3:      layout_basic, ebering_ghost_rock_garden, kennysheep_path_1
D:4:      layout_loops_corners, mainiacjoe_overflow_alcove_3, enter_ossuary_2,
          grunt_ministairs_6
D:5:      layout_cave_pools, tso_altar, minmay_temple_entry_mini_moons,
          uniq_edmund
Temple:   hellmonk_temple_forest_ring

Skill      XL: |  1  2  3  4  5  6  7  8 |
---------------+-------------------------+-----
Axes           | 4 5 6 |  6.0
Fighting       | 4 5 7 8 10 11 | 11.9
Armour         | 3 |  3.2
Evocations     | 2 |  2.2
Dodging        | |  2.1

Action                   |  1- 3 |  4- 6 |  7- 9 || total
-------------------------+-------+-------+-------++-------
Melee: Hand axe          |    86 |   175 |   110 ||   371
       Headbutt          |    12 |    37 |    29 ||    78
       Punch             |     1 |     2 |     3 ||     6
       War axe           |       |       |    31 ||    31
Throw: Stone             |       |     1 |     9 ||    10
Invok: Berserk           |     1 |     2 |     1 ||     4
  Use: Scroll            |       |     2 |     3 ||     5
       Potion            |       |       |     3 ||     3
Armor: Animal skin       |    11 |       |       ||    11
       Leather armour    |     5 |    11 |       ||    16
       Ring mail         |       |    46 |    67 ||   113
Dodge: Dodged            |    59 |    75 |    98 ||   232

Table legend: (Time is in decaauts)
 A = Elapsed time spent in this place.
 B = Non-inter-level travel time spent in this place.
 C = Inter-level travel time spent in this place.
 D = Time resting spent in this place.
 E = Time spent auto-exploring this place.
 F = Levels seen in this place.
 G = Mean time per level.
                   A        B        C        D        E       F      G
               +--------+--------+--------+--------+--------+-----+--------+
         Total |   4819 |   4819 |      0 |      0 |   2089 |   7 |  688.4 |
       Dungeon |   4420 |   4420 |      0 |      0 |   2034 |   5 |  884.0 |
        Temple |    102 |    102 |      0 |      0 |     55 |   1 |  102.0 |
       Ossuary |    297 |    297 |      0 |      0 |      0 |   1 |  297.0 |
               +--------+--------+--------+--------+--------+-----+--------+

Top non-repeatable levels by time:
     D:4: 1903 daAuts
     D:2: 1007 daAuts
     D:3: 687 daAuts
     D:5: 438 daAuts
     D:1: 383 daAuts
 Ossuary: 297 daAuts
  Temple: 102 daAuts
